 Dungeon Crawl Stone Soup version 0.20-a0-1050-g57248f3 (webtiles) character file.

28 Gorglomux the Chopper (level 3, 0/31 HPs)
             Began as a Hill Orc Monk on Apr 25, 2017.
             Slain by a worm (10 damage)
             ... on level 2 of the Dungeon.
             The game lasted 00:03:02 (917 turns).

Gorglomux the Chopper (Hill Orc Monk)                Turns: 917, Time: 00:03:03

Health: 0/31       AC:  2    Str: 13    XL:     3   Next: 14%
Magic:  3/3        EV: 13    Int: 10    God:
Gold:   74         SH:  0    Dex: 14    Spells: 2/2 levels left

rFire    . . .     SeeInvis .   a - +0 hand axe
rCold    . . .     Gourm    .   (no shield)
rNeg     . . .     Faith    .   b - +0 robe
rPois    .         Spirit   .   (no helmet)
rElec    .         Reflect  .   (no cloak)
rCorr    .         Harm     .   (no gloves)
MR       .....                  (no boots)
Stlth    +++.......             (no amulet)
Regen    0.1/turn               f - ring of stealth {Stlth+}
MPRegen  0.1/turn               (no ring)

@: no status effects
A: no striking features
a: no special abilities


You were on level 2 of the Dungeon.
You were not hungry.

You visited 1 branch of the dungeon, and saw 2 of its levels.

You collected 74 gold pieces.

Inventory:

Hand Weapons
 a - a +0 hand axe (weapon)
Armour
 b - a +0 robe (worn)
Jewellery
 f - a ring of stealth (left hand) {Stlth+}
   (You found it on level 1 of the Dungeon)
Scrolls
 e - a scroll of random uselessness {unknown}
Potions
 d - 3 potions of curing {unknown}
 g - a potion of degeneration {unknown}
Comestibles
 c - 2 bread rations {@e1@e1}


   Skills:
 - Level 3.6 Fighting
 + Level 5.5 Axes
 - Level 2.4 Dodging
 - Level 1.5 Stealth


You had 2 spell levels left.
You didn't know any spells.

Dungeon Overview and Level Annotations

Branches:
Dungeon (2/15)

Altars:


Message History

There is an open door here.
There is an open door here.
There is an open door here.
Items here: ( )) [ † a short sword; a club; 20 stones; a leather armour; a kobold corpse You see here 26 stones.
A kobold comes into view.
Unknown command.
A kobold is nearby!
Unknown command.
A kobold is nearby!
Health restored: 31 Unknown command.
Unknown command.
A kobold is nearby!
You found a teleport trap!
Unknown command.
Unknown command.
The helpless kobold fails to defend itself.
You hit the kobold. The kobold hits you but does no damage.
The kobold closely misses you.
You hit the kobold.
You kill the kobold!
As you open the door, it creaks loudly!
There is an open door here.
Items here: ( )) [ † a short sword; a club; 20 stones; a leather armour; a kobold corpse
There is an open door here.
You see here 16 arrows.
There is an open door here.
There is an open door here.
There is an open door here.
You see here a club.
You open the door.
There is an open door here.
c - 2 bread rations {@e1@e1} (gained 1) Done exploring.
No target in view!
No target in view!
No target in view!
No target in view!
No target in view!
No target in view!
No target in view!
Done exploring.
Done exploring.
Done exploring.
Done exploring.
(D) Dungeon
Where to? (? - help)
There is a stone staircase leading down here.
You climb downwards.
There is a stone staircase leading up here.
A goblin comes into view.
A goblin is nearby!
A goblin is nearby!
Unknown command.
Unknown command.
A goblin is nearby!
Unknown command.
The helpless goblin fails to defend itself.
You slash the goblin!
You kill the goblin!
No target in view!
You now have 74 gold pieces (gained 11).
A frilled lizard comes into view.
Unknown command.
A worm comes into view.
There are monsters nearby!
Unknown command.
There are monsters nearby!
You hit the worm but do no damage.
Unknown command.
Unknown command.
You barely miss the worm. The worm bites you.
You barely miss the worm.
You take 4 damage, and have 27/31 hp.
You hit the worm. The worm barely misses you.
Unknown command.
You hit the worm. You hit the worm. The worm bites you but does no damage.
You barely miss the worm.
Unknown command.
You hit the worm. The worm closely misses you.
Unknown command.
You hit the worm. The worm bites you!
Unknown command.
You take 8 damage, and have 19/31 hp.
MASSIVE DAMAGE!!
You barely miss the worm.
Unknown command.
You slash the worm! The worm barely misses you.
Unknown command.
You hit the worm.
Unknown command.
You barely miss the worm. The worm bites you!
You take 10 damage, and have 10/31 hp.
MASSIVE DAMAGE!!
You hit the worm. The worm bites you!
You die...

#.......# #........
#.l....# #......#
#......# #......#
################......###
................@w.......
...................#.####
###....#####.#####.#
#....# #.#### .# #....#
#....# .# #....# #....#
.# #....# #....# .#
#....# #....# .# #....#
#....#


You could see a worm and a frilled lizard.

Vanquished Creatures
  A dart slug (D:1)
  4 giant cockroaches (D:1)
  6 goblins
  3 hobgoblins (D:1)
  A frilled lizard (D:1)
  7 kobolds (D:1)
  A rat (D:1)
23 creatures vanquished.

Notes
Turn   | Place    | Note
-------+----------+-------------------------------------------
     0 | D:1      | Gorglomux the Hill Orc Monk began the quest for the Orb.
     0 | D:1      | Reached XP level 1. HP: 19/19 MP: 1/1
   210 | D:1      | Reached XP level 2. HP: 26/26 MP: 2/2
   341 | D:1      | Reached skill level 5 in Axes
   597 | D:1      | Reached XP level 3. HP: 31/31 MP: 3/3
   917 | D:2      | Slain by a worm

Vault maps used:
D:1:      matt_arrival_grand_opening
D:2:      first_bread, serial_park_tiny_1, uniq_natasha

Skill      XL: |  1  2 |
---------------+-------+-----
Axes           | 5 |  5.5
Fighting       | |  3.6
Dodging        | |  2.4
Stealth        | |  1.5

Action                   || total
-------------------------++-------
Melee: Hand axe          ||    88
 Stab: Sleeping          ||     3
Armor: Robe              ||    10
Dodge: Dodged            ||    46

Vault maps used:
D:1:      matt_arrival_grand_opening
D:2:      first_bread, serial_park_tiny_1, uniq_natasha

Table legend:
 A = Turns spent in this place as a percentage of turns spent in the entire game.
 B = Non-inter-level travel turns spent in this place as a percentage of non-inter-level travel turns spent in the entire game.
 C = Inter-level travel turns spent in this place as a percentage of turns spent in this place.
 D = Turns resting spent in this place as a percentage of non-inter-level travel turns spent in this place.
 E = Turns spent auto-exploring this place as a percentage of non-inter-level travel turns spent in this place.
 F = Non-inter-level travel turns spent in this place divided by the number of levels of this place that you've seen.
                   A       B       C       D       E      F
               +-------+-------+-------+-------+-------+----------------------
         Total | 100.0 | 100.0 |   0.2 |   0.5 |   8.1 | 209.5
       Dungeon | 100.0 | 100.0 |   0.2 |   0.5 |   8.1 | 209.5
               +-------+-------+-------+-------+-------+----------------------

Table legend:
 A = Kills in this place as a percentage of kills in entire the game.
 B = Kills by you in this place as a percentage of kills by you in the entire game.
 C = Kills by friends in this place as a percentage of kills by friends in the entire game.
 D = Other kills in this place as a percentage of other kills in the entire game.
 E = Experience gained in this place as a percentage of experience gained in the entire game.
 F = Experience gained in this place divided by the number of levels of this place that you have seen.
                   A       B       C       D       E      F
               +-------+-------+-------+-------+-------+----------------------
         Total | 100.0 | 100.0 |  -nan |  -nan | 100.0 |  20.5
       Dungeon | 100.0 | 100.0 |  -nan |  -nan | 100.0 |  20.5
               +-------+-------+-------+-------+-------+----------------------
